AoeStats
← filiusgaya

Yucatan

510410359Analyzed
4v4 RM · 2d ago on Sep 30, 2026· 29m 39s· 8 players
Game mode
Random Map
Map size
Large (8 player)
Population
200
Speed
Normal
Resources
Standard
Victory
Conquest
Starting age
Dark Age
Ending age
Imperial Age
RankedLock teamsTeams togetherTeam positionsShared explorationLock speedFull tech treeHidden civsTurbo modeCheats
Victory
Defeat
🇧🇷 Spanish · Brazil
832
+14
🇦🇷 Mongols · Argentina
826
+14
🇹🇷 Turks · Türkiye
742
+17
🇹🇷 Celts · Türkiye
658
+20
🇮🇱 Khmer · Israel
846
-19
🇺🇸 Huns · United States
797
-17
🇲🇽 Turks · Mexico
733
-15
🇧🇬 Romans · Bulgaria
723
-14
filiusgaya
1:29 Loom
12:28 Feudal Age
14:21 Town Watch
15:11 Wheelbarrow
14:36 Double-Bit Axe
16:49 Gold Mining
19:57 Castle Age
19:21 Stone Mining
19:38 Horse Collar
21:23 Bow Saw
21:17 Heavy Plow
29:46 Imperial Age
CouthTortoise40
0:40 Loom
DVIRBUHNIK96
0:31 Loom
14:08 Feudal Age
15:10 Double-Bit Axe
15:46 Horse Collar
18:40 Castle Age
18:00 Scale Barding Armor
18:16 Forging
19:03 Bloodlines
19:18 Town Watch
20:10 Wheelbarrow
21:16 Husbandry
20:38 Light Cavalry
21:09 Fletching
21:57 Iron Casting
22:24 Heavy Plow
22:37 Bow Saw
24:29 Chain Barding Armor
yomamacry
6:05 Loom
12:38 Feudal Age
14:13 Wheelbarrow
13:20 Horse Collar
13:32 Double-Bit Axe
15:58 Man-at-Arms
20:25 Town Watch
20:48 Gold Mining
20:48 Stone Mining
24:51 Castle Age
23:06 Forging
22:56 Scale Mail Armor
25:05 Light Cavalry
26:00 Bow Saw
25:53 Heavy Plow
26:10 Hand Cart
27:10 Iron Casting
29:46 Town Patrol
Gambini
11:13 Feudal Age
12:28 Double-Bit Axe
13:19 Wheelbarrow
16:47 Forging
16:37 Fletching
16:54 Scale Mail Armor
20:11 Castle Age
22:34 Chain Mail Armor
22:51 Squires
22:13 Pikeman
23:57 Bow Saw
ADORNI
1:35 Loom
13:45 Feudal Age
18:32 Castle Age
17:04 Gold Mining
17:08 Double-Bit Axe
18:09 Padded Archer Armor
18:00 Fletching
19:05 Horse Collar
19:51 Leather Archer Armor
19:32 Bodkin Arrow
20:09 Bow Saw
22:55 Wheelbarrow
23:04 Gold Shaft Mining
24:52 Husbandry
25:05 Bloodlines
27:25 Ballistics
Diax
10:32 Feudal Age
13:58 Double-Bit Axe
15:08 Horse Collar
18:05 Stone Mining
19:39 Gold Mining
20:30 Wheelbarrow
24:59 Castle Age
26:11 Bow Saw
29:40 Scale Mail Armor
ArmoniACx
11:58 Feudal Age
12:27 Double-Bit Axe
20:34 Castle Age
21:43 Stone Mining
26:42 Treadmill Crane
27:51 Bow Saw
28:14 Gold Mining
29:01 Loom
Connection lost

Rejoining the realm…

Still unreachable

The connection could not be restored.

Session expired

The server has moved on; the page needs a fresh start.